[Event "*** Titled Tuesday Blitz"]
[Site "Chess.com"]
[Date "2018.12.04"]
[Round "2"]
[White "jefferyx"]
[Black "mikhaillushenkov"]
[Result "1/2-1/2"]
[WhiteElo "2770"]
[BlackElo "2649"]
[TimeControl "180+2"]
[EndTime "13:25:32 PST"]
[Termination "Game drawn by stalemate"]

1. d4 Nf6 2. c4 e6 3. Nf3 Bb4+ 4. Bd2 c5 5. Bxb4 cxb4 6. g3 b6 7. Bg2 Bb7 8. a3 bxa3 9. Nxa3 a5 10. O-O d6 11. Qb3 Na6 12. Rfd1 O-O 13. Ne1 Bxg2 14. Kxg2 Rb8 15. Nd3 Qd7 16. Kg1 h6 17. Rac1 Rfc8 18. Qb5 Qb7 19. Qa4 Ne4 20. f3 Nf6 21. Nb5 Ne8 22.
b4 Nxb4 23. Nxb4 axb4 24. Qxb4 Qd7 25. Ra1 Ra8 26. Rxa8 Rxa8 27. Nc3 Qc6 28. d5 Qc5+ 29. Qxc5 bxc5 30. dxe6 fxe6 31. Ne4 Ra6 32. Rb1 Nf6 33. Nc3 d5 34. Rb8+ Kf7 35. Rc8 Ra5 36. Nb5 dxc4 37. Nd6+ Ke7 38. Nxc4 Kd7 39. Rf8 Ra2 40. Kf2 Kc6 41. Rc8+ Kd5 42. Ne3+ Kd4 43. Rd8+ Kc3 44. Rd6 Nd5 45. Rxe6 Nxe3 46. Kxe3 c4 47. Re7 g5 48. f4 gxf4+ 49. gxf4 Ra1 50. Kf2 Kb2 51. Rb7+ Kc2 52. f5 Ra5 53. e4 c3 54. Ke3 Kd1 55. Rd7+ Ke1 56. Rc7 Ra3 57. f6 c2+ 58. Kf4 Kd2 59. f7 Rc3 60. Rxc3 Kxc3 61. f8=Q c1=Q+ 62. Ke5 Qg5+ 63.
Ke6 Kd4 64. Qf5 Qg8+ 65. Kf6 Qf8+ 66. Kg6 Qg8+ 67. Kh5 Qg2 68. h4 Qxe4 69. Qd7+ Ke5 70. Qg7+ Kd6 71. Qxh6+ Ke7 72. Qg7+ Kd8 73. Qf6+ Ke8 74.
Kh6 Qe3+ 75. Kh7 Qe4+ 76. Kh8 Qg4 77. Qg5 Qd4+ 78. Kh7 Qe4+ 79. Kh6 Qe6+ 80. Kg7 Qf7+ 81. Kh6 Qe6+ 82. Qg6+ Qxg6+ 83. Kxg6 Kf8 84. h5 Kg8 85. h6 Kh8 86. h7 1/2-1/2

[Event "*** Titled Tuesday Blitz"]
[Site "Chess.com"]
[Date "2018.12.04"]
[Round "2"]
[White "ShadowJolteon"]
[Black "VincentBlom"]
[Result "1-0"]
[WhiteElo "2415"]
[BlackElo "2502"]
[TimeControl "180+2"]
[EndTime "13:25:34 PST"]
[Termination "ShadowJolteon won by checkmate"]

1. d4 Nf6 2. c4 b6 3. Nf3 Bb7 4. g3 g6 5. Bg2 Bg7 6. O-O O-O 7. Nc3 Ne4 8. Qc2 Nxc3 9. Qxc3 d6 10. b3 c5 11. e3 Nd7 12. Bb2 Be4 13. Rfd1 Qc7 14. Qd2 Rac8 15. d5 Bxf3 16. Bxg7 Kxg7 17. Bxf3 h5 18. Bg2 h4 19. f4 hxg3 20. hxg3 Rh8 21. Kf2 Rcg8 22. Rh1 Kf8 23. Qc3 Nf6 24. Bf3 Qd7 25.
e4 Rxh1 26. Rxh1 Ne8 27. Rh7 Nf6 28. Rh1 g5 29. e5 Ng4+ 30. Bxg4 Qxg4 31. Qf3 Qf5 32. exd6 exd6 33. Re1 Rh8 34. g4 Qxf4 35. Qxf4 gxf4 36. Kf3 Rh3+ 37. Kxf4 Rh2 38. Ra1 Rb2 39.
Kf5 Kg7 40. Kg5 a5 41. Kf5 Rf2+ 42. Kg5 Rc2 43. Kf5 Re2 44. Kg5 Rf2 45. Kh4 Kg6 46.
Kg3 Rd2 47. Kf4 Rb2 48. Kg3 Kg5 49. Rf1 Rxa2 50. Rxf7 Rb2 51. Rf5+ Kg6 52. Rf3 Ra2 53. Re3 Kf7 54. Re6 Ra3 55. Rxd6 Rxb3+ 56. Kf4 a4 57. Rd7+ Kg6 58. Ra7 Rb4 59. Ke5 Rxc4 60. d6 Rd4 61.
Ra6 Kf7 62. Rxb6 Ke8 63. Rc6 Rxg4 64. Ra6 Kd8 65. Kd5 c4 66. Rxa4 Rg5+ 67. Kc6 Ke8 68. Ra8+ Kf7 69. d7 Rg6+ 70. Kc5 c3 71. d8=Q c2 72.
Qe8+ Kf6 73. Ra6+ Kf5 74. Qxg6+ Kf4 75. Qxc2 Kg3 76. Rf6 Kh4 77. Qg2 Kh5 78. Rg6 Kh4 79. Rh6# 1-0

[Event "*** Titled Tuesday Blitz"]
[Site "Chess.com"]
[Date "2018.12.04"]
[Round "2"]
[White "Andrew-FB00"]
[Black "aa175"]
[Result "0-1"]
[WhiteElo "1788"]
[BlackElo "1926"]
[TimeControl "180+2"]
[EndTime "13:25:34 PST"]
[Termination "aa175 won by resignation"]

1. e4 e5 2. Nf3 Nc6 3. Bb5 Nf6 4. d4 Nxe4 5. O-O Nd6 6. Bxc6 dxc6 7. Nxe5 Be7 8. Re1 Be6 9. Nc3 O-O 10. Ne4 Nxe4 11.
Rxe4 Qd5 12. Re1 Rad8 13. c3 c5 14. Be3 cxd4 15. Qxd4 Bf6 16. Qxd5 Bxd5 17. Nf3 Rfe8 18. Nd4 a6 19. a3 c5 20. Nf5 g6 21. Ng3 c4 22. Rad1 Bc6 23. Ne2 Ba4 24. Rxd8 Rxd8 25.
Nd4 Re8 26. Kf1 Bxd4 27. Bxd4 Rxe1+ 28. Kxe1 Bc6 29. f3 f5 30. Ke2 Kf7 31. Ke3 Ke6 32. g3 Ba4 33. f4 Bc6 34. Be5 b5 35. Kd4 a5 36. Kc5 Be8 37. Bc7 a4 38. Be5 g5 39.
Bb8 h6 40. Bc7 Kd7 41. Be5 Ke6 42. Bb8 Kf7 43. Bc7 Kg6 44. Kd5 Kh5 45. Ke5 Kg4 46.
fxg5 hxg5 47. Bd6 Bd7 48. Kf6 f4 49. gxf4 gxf4 50. h3+ Kf3 51. Ke5 Bxh3 52. Kd4 Bd7 53. Be5 Be8 54. Bd6 Bc6 55. Be5 Kg4 56. Bd6 Kf5 57.
Bc7 b4 58. axb4 Bb5 59. Bd6 Kg4 60. Ke4 Bc6+ 61. Kd4 f3 62. Ke3 Bb5 63. Kf2 Bc6 64. Bc5 Kf5 65. Bd4 Ke4 66. Bc5 Kd3 67. Bd4 Kc2 68. b5 Bxb5 69. Kxf3 Kxb2 70. Ke3 a3 71. Kd2 0-1

[Event "*** Titled Tuesday Blitz"]
[Site "Chess.com"]
[Date "2018.12.04"]
[Round "2"]
[White "Bauxi435"]
[Black "Slovak_fighter2000"]
[Result "1-0"]
[WhiteElo "2397"]
[BlackElo "2462"]
[TimeControl "180+2"]
[EndTime "13:25:36 PST"]
[Termination "Bauxi435 won on time"]

1. d4 Nf6 2. c4 e6 3. Nc3 d5 4.
cxd5 Nxd5 5. e4 Nxc3 6. bxc3 c5 7. Rb1 cxd4 8. cxd4 Be7 9. Nf3 O-O 10. Be2 b6 11.
O-O Bb7 12. Qd3 Ba6 13. Qd2 Bxe2 14. Qxe2 Nc6 15. Be3 Na5 16. Bd2 Nc6 17. Bc3 Rb8 18. Rfd1 Bf6 19. Rbc1 Rc8 20. d5 exd5 21. Bxf6 Qxf6 22.
exd5 Nb8 23. Rxc8 Rxc8 24. d6 Nd7 25. Qe7 Rd8 26. Re1 Qxe7 27. Rxe7 f6 28. h4 Nc5 29. Rxa7 Rxd6 30. h5 Rd7 31. Ra8+ Kf7 32. Nh4 Rd1+ 33. Kh2 Rd5 34. g4 g6 35. hxg6+ hxg6 36. f3 Rd7 37.
Kg3 Re7 38. Ng2 g5 39. Rc8 Re2 40. Rc7+ Kg6 41. Rc6 Nd7 42. a4 Ra2 43. Rd6 Ne5 44. Rxb6 Ra3 45. Ne1 Ra1 46. Kf2 Ra2+ 47. Kg3 Rxa4 48.
Rb3 Ra1 49. Ng2 Ra4 50. Ne3 Kf7 51. Rb7+ Kf8 52. Rb6 Kf7 53. Nd5 Ra3 54. Rxf6+ Kg7 55. Rf5 Nf7 56. Nf6 Kg6 57. Ne4 Rb3 58. Rf6+ Kg7 59. Rf5 Kg6 60. Kf2 Ra3 61. Ke2 Rb3 62. Rc5 Ra3 63. Ng3 Ra2+ 64. Ke3 Ra3+ 65. Ke4 Ra4+ 66. Kd5 Rf4 67. Rc6+ Kg7 68. Nf5+ Kh7 69. Rc3 Kg6 70. Ke6 Nd8+ 71. Ke7 Nb7 72. Rc6+ Kh7 73. Kf6 Na5 74. Rc7+ Kg8 75. Kxg5 Rxf3 76. Kf6 Nb3 77. Rc4 Nd2 78. Rc8+ Kh7 79. Rc7+ Kg8 80. Kg6 1-0

[Event "*** Titled Tuesday Blitz"]
[Site "Chess.com"]
[Date "2018.12.04"]
[Round "2"]
[White "cherryandmint"]
[Black "David_Klein"]
[Result "0-1"]
[WhiteElo "2712"]
[BlackElo "2579"]
[TimeControl "180+2"]
[EndTime "13:25:46 PST"]
[Termination "David_Klein won by resignation"]

1. e4 g6 2. d4 Bg7 3. Nf3 c6 4. Bd3 d6 5. O-O e5 6. c3 Nd7 7.
Nbd2 Ngf6 8. Nc4 Qe7 9. dxe5 dxe5 10. b3 Nh5 11. Ba3 Nc5 12. Bc2 Bf8 13. Nfxe5 Be6 14. b4 Nd7 15. b5 c5 16. Qf3 Nxe5 17. Nxe5 Bg7 18. Nd3 b6 19. g4 Nf6 20. e5 Nd5 21. Bb3 Rd8 22. c4 Nc7 23. Nf4 O-O 24. Rae1 Bh6 25.
Nd5 Nxd5 26. cxd5 Bc8 27. d6 Qg5 28. Bc1 Qh4 29. Bxh6 Qxh6 30. h3 Qg5 31. Qe3 Qh4 32.
f4 Kg7 33. f5 Bb7 34. f6+ Kh8 35. Kh2 Rde8 36. Qf4 g5 37. Qg3 Qh6 38. Rf2 Rd8 39. Bc4 Bc8 40. Rd2 Kg8 41. Red1 Bd7 42. a4 Rfe8 43. Bd5 Qg6 44. Qd3 Qxd3 45. Rxd3 Rxe5 46. Bc6 Be6 47. d7 Re2+ 48. Kg3 c4 49. Rc3 Kf8 50. Rd4 Re1 51. Rdxc4 Bxc4 52. Rxc4 Re6 53. h4 h6 54. hxg5 hxg5 55. Rd4 Rxf6 56. Rd5 Rg6 57. Kf3 Rf6+ 58. Ke3 Re6+ 59. Kd4 f6 60. Rf5 Ke7 61.
Rf2 Rd6+ 62. Ke4 R8xd7 63. Bxd7 Kxd7 64. Rh2 Ke6 65. Rh7 Rd7 66. Rh8 Rc7 67. Re8+ Kf7 68.
Ra8 Rc4+ 69. Kd5 Rxa4 70. Kc6 Rxg4 71. Rxa7+ Ke6 72. Kxb6 Rb4 73. Kc6 Rc4+ 74. Kb7 g4 75. b6 g3 76. Ra3 Rg4 77. Ra1 f5 78. Ka7 f4 79. b7 Rg7 80. Ka8 Rg8+ 81. Ka7 Kf5 82.
Rc1 g2 83. Rc5+ Kg4 0-1

[Event "*** Titled Tuesday Blitz"]
[Site "Chess.com"]
[Date "2018.12.04"]
[Round "2"]
[White "Dr-Bassem"]
[Black "snowlord"]
[Result "1/2-1/2"]
[WhiteElo "2751"]
[BlackElo "2652"]
[TimeControl "180+2"]
[EndTime "13:25:49 PST"]
[Termination "Game drawn - insufficient material"]

1. e4 c5 2. Nf3 d6 3. g3 Nf6 4. d3 g6 5. Bg2 Bg7 6. O-O O-O 7. c3 Nc6 8. Re1 Bg4 9. h3 Bxf3 10. Qxf3 Nd7 11.
Be3 b5 12. a3 a5 13. Rd1 b4 14. d4 bxc3 15. bxc3 Qb6 16. e5 Rac8 17. exd6 cxd4 18. dxe7 Rfe8 19. cxd4 Bxd4 20. Bxd4 Nxd4 21. Qd3 Nc2 22.
Qxd7 Nxa1 23. Nc3 Nc2 24. Nd5 Qe6 25. Qxe6 fxe6 26. Nf6+ Kf7 27. Nxe8 Rxe8 28. a4 Rxe7 29. Rc1 Nd4 30. Rc5 Ra7 31. Be4 Ke7 32. Kg2 Kd6 33. Rc8 Rc7 34. Ra8 Rc5 35. g4 Ke5 36. f3 Ne2 37.
Ra7 h5 38. Kf2 Nf4 39. Kg3 hxg4 40. hxg4 g5 41. Kf2 Kd4 42. Rd7+ Kc3 43. Rb7 Rc4 44. Rb5 Rxa4 45. Rxg5 Ra2+ 46. Kg3 Ne2+ 47. Kh4 a4 48. Ra5 a3 49. g5 Kb4 50. Ra8 Nc3 51. g6 Nxe4 52.
fxe4 Rg2 53. Kh5 a2 54. Kh6 Kb3 55. g7 Kb2 56. Kh7 Rh2+ 57. Kg6 Rg2+ 58. Kf7 Rf2+ 59.
Kxe6 Rg2 60. Kf7 Rf2+ 61. Ke7 Rg2 62. Kf8 Rf2+ 63. Ke8 Rg2 64. Kf7 Rf2+ 65. Ke7 Rg2 66. Rb8+ Kc3 67. Rc8+ Kd4 68. Ra8 Rxg7+ 69. Kf6 Rg2 70.
e5 Rf2+ 71. Ke6 Kc4 72. Kd6 Rd2+ 73. Kc6 Re2 74. Kd6 Kb3 75. e6 Rd2+ 76. Kc6 Re2 77. Kd7 Re4 78. e7 Rd4+ 79. Ke6 Re4+ 80. Kf6 Rxe7 81. Kxe7 Kb2 82. Rxa2+ Kxa2 1/2-1/2

[Event "*** Titled Tuesday Blitz"]
[Site "Chess.com"]
[Date "2018.12.04"]
[Round "2"]
[White "GMHess"]
[Black "Mykola-Bortnyk"]
[Result "0-1"]
[WhiteElo "2631"]
[BlackElo "2837"]
[TimeControl "180+2"]
[EndTime "13:25:58 PST"]
[Termination "Mykola-Bortnyk won by resignation"]

1. d4 d5 2. g3 Nf6 3. Bg2 e6 4. Nf3 c5 5. O-O Nc6 6. c4 dxc4 7. dxc5 Qxd1 8. Rxd1 Bxc5 9. Nbd2 c3 10. bxc3 Bd7 11. Nb3 Bb6 12. c4 O-O-O 13. c5 Bc7 14. Bb2 e5 15. Nbd2 Ne8 16. Ng5 Rf8 17. Nxh7 Rh8 18. Ng5 Rf8 19. Nc4 f6 20. Ne4 Be6 21.
Ned6+ Nxd6 22. Nxd6+ Bxd6 23. cxd6 Kd7 24. f4 exf4 25.
gxf4 Bg4 26. Rd2 Rfe8 27. e4 Re6 28. Ba3 b5 29. Rc1 Rc8 30. Rdc2 b4 31. Bxb4 Be2 32. Bh3 Bb5 33. e5 fxe5 34. fxe5 Re8 35. Bc5 Nxe5 36.
Bxa7 Bc6 37. Bxe6+ Rxe6 38. Kf2 Nd3+ 39. Kg3 Rg6+ 40.
Kh4 Ne5 41. Rc3 Rg4+ 42. Kh5 Bd5 43. Rf1 Be4 44. Rc7+ Kxd6 45. Rxg7 Rxg7 46. Bb8+ Ke6 47. Bxe5 Kxe5 48. Kh4 Bf5 49. h3 Rg2 50. Re1+ Kf6 51.
Re3 Rxa2 52. Kg3 Ra1 53. Rf3 Kg5 54. h4+ Kg6 55. h5+ Kg5 56. h6 Rh1 57. Kf2 Rxh6 58. Rg3+ Kf4 59. Rf3+ Ke5 60. Ra3 Be4 61. Kg3 Rg6+ 62.
Kf2 Rg2+ 63. Ke1 Kd4 64. Kf1 Rh2 65. Kg1 Rc2 66. Rg3 Rb2 67. Kf1 Bd3+ 68. Kg1 Ke4 69. Rg2 Rb8 70. Rf2 Ke3 71. Rf7 Rg8+ 72. Kh2 Bc4 73.
Rf6 Bd5 74. Kh3 Bf3 75. Kh4 Ke4 76. Ra6 Ke5 77. Ra5+ Kf4 78. Ra4+ Be4 79. Ra5 Rg2 80. Kh3 Rb2 81. Ra4 Rd2 82. Rb4 Rd1 83. Rb2 Rd7 84.
Kh2 Rh7+ 85. Kg1 Rh1+ 86. Kf2 Rh2+ 87. Ke1 Rxb2 0-1

[Event "*** Titled Tuesday Blitz"]
[Site "Chess.com"]
[Date "2018.12.04"]
[Round "2"]
[White "StoreySniper"]
[Black "Pilopa"]
[Result "1-0"]
[WhiteElo "2398"]
[BlackElo "2439"]
[TimeControl "180+2"]
[EndTime "13:26:12 PST"]
[Termination "StoreySniper won by resignation"]

1. g3 d5 2. Bg2 Nf6 3. c4 d4 4. b4 e5 5. Qb3 a5 6. b5 a4 7. Qc2 Nbd7 8. d3 Bd6 9. Nf3 O-O 10. O-O h6 11. e3 dxe3 12. Bxe3 Ng4 13. Nc3 Nc5 14. Bxc5 Bxc5 15. h3 Nf6 16. Nxe5 Re8 17. Nf3 Bf5 18. Rfd1 Bd4 19. Rac1 Bh7 20. Nxa4 Qd6 21.
c5 Qxg3 22. Nxd4 Qh4 23. Qc4 Nh5 24. Nf3 Qf6 25. Nc3 Rad8 26. Ne4 Qg6 27. Nh4 Qe6 28. Qxe6 Rxe6 29. Ng3 Nf4 30. Bxb7 Rd4 31. Be4 Nxh3+ 32. Kg2 Nf4+ 33. Kf3 Nxd3 34. Bxh7+ Kxh7 35. Rxd3 Rxd3+ 36. Kg2 Rd5 37. Nhf5 Ree5 38. b6 Rxc5 39. Rxc5 Rxc5 40. Ne4 Rc6 41. b7 Rb6 42. Nfd6 cxd6 43. Nxd6 Kg6 44. a4 Kf6 45. a5 Rb1 46. a6 Ke6 47. Nc8 Kd7 48. a7 Rxb7 49. a8=Q Kc7 50. Na7 Kb6 51. Nc8+ Kc7 52. Nd6 Rb2 53. Nxf7 g5 54. Qh8 Re2 55. Qxh6 g4 56. Qg5 Re6 57. Nh6 Kd7 58. Nxg4 Kd6 59. Qd2+ Ke7 60. Ne3 Kf7 61. Kf1 Kf6 62. Ng4+ Kf7 63.
Qd5 Ke7 64. Ne5 Rf6 65. Qd7+ Kf8 66. Qc8+ Kg7 67. Qc7+ Kg8 68. Qd8+ Kg7 69. Qxf6+ Kxf6 70. Nd3 Kf5 71. Kg2 Ke4 72. Ne1 Kf5 73. Kg3 Kg5 74. Kf3 Kf5 75. Ng2 Ke5 76. Kg4 Kf6 77. Kf4 Kg6 78.
Ke5 Kf7 79. Kf5 Ke7 80. f4 Kf7 81. Ne3 Ke7 82. Kg6 Kf8 83. Kf6 Ke8 84. f5 Kf8 85.
Ke6 Ke8 86. f6 Kf8 87. f7 Kg7 88. Ke7 Kh7 89. f8=Q Kg6 90. Qf5+ Kh6 91. Qg4 Kh7 92. Nf5 1-0

[Event "*** Titled Tuesday Blitz"]
[Site "Chess.com"]
[Date "2018.12.04"]
[Round "2"]
[White "nochewycandy"]
[Black "Phelathegreat"]
[Result "1-0"]
[WhiteElo "2286"]
[BlackElo "2339"]
[TimeControl "180+2"]
[EndTime "13:26:30 PST"]
[Termination "nochewycandy won by resignation"]

1. c4 c5 2. g3 Nc6 3. Bg2 g6 4. Nc3 Bg7 5. a3 d6 6. Rb1 e6 7. b4 Nge7 8. Nf3 O-O 9. O-O Rb8 10. e3 Nf5 11. Qc2 h5 12. h4 b6 13. d3 Bb7 14. Bd2 Rc8 15. Qa4 Qd7 16. Rfd1 Ba8 17. Ne4 Rfd8 18. Bc3 e5 19. Ba1 Qe7 20. Nc3 Qd7 21. Ng5 Nce7 22. Qxd7 Rxd7 23. Bxa8 Rxa8 24. Nf3 Rad8 25. e4 Nd4 26. Nxd4 exd4 27. Ne2 f5 28. f3 fxe4 29. dxe4 Nc6 30. Nf4 Kf7 31. Kg2 Ne7 32. b5 Bh6 33. Nd3 Bg7 34. Bb2 Ng8 35. Bc1 Re8 36. Bg5 Bf6 37. Bd2 Bg7 38. a4 Bf6 39. Ra1 Bd8 40. a5 Nf6 41.
axb6 Bxb6 42. Bg5 Nh7 43. Bd2 Nf6 44. Re1 Rde7 45. Bg5 Re6 46. Nf4 Re5 47. Bxf6 Kxf6 48. Nd5+ Kf7 49. Ra6 Rb8 50. f4 Ree8 51. Kf3 Rb7 52.
Rea1 Ke6 53. Re1 Kf7 54. Re2 Ke6 55. f5+ Kf7 56. fxg6+ Kxg6 57. Nf4+ Kh6 58. Rg2 Rg7 59. Re2 Reg8 60. Rg2 Rf8 61. Ke2 Re8 62. Kd3 Rf8 63.
Ne6 Rf3+ 64. Ke2 Re3+ 65. Kf2 Rf7+ 66. Kg1 Re1+ 67. Kh2 Rxe4 68. Ng5 Rfe7 69. Nxe4 Rxe4 70. Raa2 Kg6 71. Rge2 Kf5 72. Kg2 d3 73. Rxe4 Kxe4 74. Kf2 Kd4 75. Ra4 d5 76. cxd5+ c4 77. d6 Kc5 78.
Ke1 Kxd6 79. Rxc4 Kd5 80. Rc6 Ke4 81. Rg6 Kd4 82. Rh6 Kc3 83. Kd1 Bf2 84. Rxh5 Bxg3 85. Rh7 Kb4 86. h5 Kxb5 87. Rxa7 Kc5 88. Rd7 Kc4 89. h6 Be5 90. h7 1-0

[Event "*** Titled Tuesday Blitz"]
[Site "Chess.com"]
[Date "2018.12.04"]
[Round "2"]
[White "Abdodi"]
[Black "WinnerOleg"]
[Result "0-1"]
[WhiteElo "2229"]
[BlackElo "2329"]
[TimeControl "180+2"]
[EndTime "13:27:11 PST"]
[Termination "WinnerOleg won by resignation"]

1. d4 Nf6 2. Nf3 e6 3. c4 Bb4+ 4.
Bd2 Bxd2+ 5. Qxd2 b6 6. e3 Bb7 7. Nc3 O-O 8. Be2 Ne4 9. Nxe4 Bxe4 10. O-O d6 11. Qc3 Nd7 12. Nd2 Bb7 13. e4 e5 14. d5 a5 15. b3 Qh4 16. g3 Qe7 17. f4 exf4 18. Rxf4 Ne5 19. Raf1 Bc8 20. Kg2 Bd7 21. h3 f6 22. g4 Ng6 23. R4f2 Rae8 24.
Qg3 Qe5 25. Qxe5 fxe5 26. Rxf8+ Nxf8 27. Kg3 Ng6 28. Bd1 Nf4 29. Bc2 Rf8 30. Rf2 Rf6 31.
Nf1 h5 32. g5 Rf7 33. h4 Ne2+ 34. Rxe2 Rxf1 35. Rf2 Re1 36. Bd3 Bg4 37. Bc2 g6 38. Kg2 Re3 39. Kh2 Rh3+ 40. Kg2 Rxh4 41. Rf6 Kg7 42. Rf2 Rh3 43. Rf1 Re3 44. Rf2 h4 45. Kh2 Bf3 46. Bb1 Bxe4 47. Bxe4 Rxe4 48. Kh3 a4 49. Rf3 Re2 50. bxa4 Rxa2 51. Rf6 Ra3+ 52. Kxh4 Rxa4 53. Re6 Rxc4+ 54. Kg3 b5 55. Re7+ Kf8 56.
Re6 Kf7 57. Rf6+ Kg7 58. Re6 b4 59. Re7+ Kf8 60. Rh7 Rc5 61. Rh8+ Kf7 62. Rc8 b3 63. Rb8 Rxd5 64. Rxb3 Ke6 65. Rf3 e4 66. Rf6+ Ke5 67. Rxg6 Kf5 68. Rg8 Rd3+ 69. Kg2 Rd2+ 70. Kg3 Rd3+ 71.
Kg2 Rd5 72. g6 Kf6 73. Kf2 Rg5 74. Rc8 Rxg6 75. Rxc7 Ke5 76. Ke3 d5 77. Re7+ Re6 78. Rh7 d4+ 79. Ke2 Rf6 80. Re7+ Kf4 81. Rh7 Rg6 82.
Rf7+ Ke5 83. Re7+ Re6 84. Rh7 Kd5 85. Rh5+ Kc4 86. Rh8 e3 87. Rc8+ Kd5 88. Rd8+ Ke4 89. Rd7 Re8 90. Rd6 Ke5 91. Rd7 Rf8 92. Kd3 Rf2 93.
Re7+ Kd6 94. Re8 Rd2+ 95. Kc4 e2 96. Re4 d3 97. Kc3 Rd1 98. Kb2 e1=Q 99. Rd4+ Ke5 100.
Rc4 Rb1+ 101. Ka3 Qa5+ 102. Ra4 Qc3+ 0-1

[Event "*** Titled Tuesday Blitz"]
[Site "Chess.com"]
[Date "2018.12.04"]
[Round "2"]
[White "AndrewMcStone"]
[Black "IngOscarArdila"]
[Result "1/2-1/2"]
[WhiteElo "2134"]
[BlackElo "2219"]
[TimeControl "180+2"]
[EndTime "13:28:39 PST"]
[Termination "Game drawn by agreement"]

1. d4 Nf6 2. c4 g6 3. Nc3 Bg7 4. e4 d6 5. Nge2 O-O 6. Ng3 e5 7. d5 a5 8. Be2 Na6 9. h4 h5 10. Bg5 Qe8 11. Qd2 Bd7 12. O-O-O Nc5 13. f3 Nh7 14.
Bh6 Qe7 15. Nf1 Nf6 16. Bg5 Qe8 17. Nh2 Nh7 18. Bh6 Nf6 19. Rdg1 Rb8 20. Bxg7 Kxg7 21.
g4 hxg4 22. h5 Rh8 23. hxg6 fxg6 24. fxg4 Nfxe4 25. Nxe4 Nxe4 26. Qe3 Nc5 27. g5 Bf5 28. Ng4 Bxg4 29. Bxg4 Qe7 30. Rh6 Rxh6 31. gxh6+ Kh7 32. Bd1 Rg8 33. Bc2 e4 34. Qd4 Qe5 35. Qxe5 dxe5 36.
Re1 Kxh6 37. Bxe4 g5 38. Bf5 g4 39. Rxe5 g3 40. Re1 Kg5 41. Be6 Nxe6 42. dxe6 Kf6 43. e7 Re8 44. Rg1 Rxe7 45. Rxg3 Kf5 46. Rg2 Kf4 47. Kc2 Kf3 48. Rd2 Ke3 49. Rd3+ Ke4 50. Rd2 Rh7 51. a3 b6 52. b3 Ke5 53. Rd5+ Ke4 54.
Rd2 Rf7 55. Re2+ Kd4 56. Rd2+ Kc5 57. Kc3 Rf3+ 58. Rd3 Rf1 59. b4+ axb4+ 60. axb4+ Kc6 61. b5+ Kb7 62. Rd7 Rf4 63. Rh7 Rg4 64. Kd3 Rf4 65.
Kc3 Re4 66. Kd3 Rg4 67. Kc3 Kc8 68. Kd3 Rf4 69. Kc3 Kd8 70. Kd3 Rf1 71. Kd4 Rd1+ 72.
Kc3 Rd6 73. Kb4 Kc8 74. Rg7 Rd4 75. Rh7 Kb7 76. Kc3 Rd1 77. Kb4 Rd4 78. Rg7 Kc8 79. Rh7 Rd1 80. Rg7 Rd7 81. Rxd7 Kxd7 82. c5 Ke6 83.
Kc4 Ke5 84. cxb6 cxb6 85. Kc3 Kd5 86. Kb4 Kd4 87. Kb3 Kc5 88. Ka4 Kc4 89. Ka3 Kxb5 90. Kb3 Kc5 91. Kc3 Kb5 92. Kb3 Ka5 93. Ka3 Kb5 94.
Kb3 Kc5 95. Kc3 b5 96. Kb3 b4 97. Kb2 Kb5 98. Kb3 Kc5 99. Kb2 Kb6 100. Kb3 Kb5 101. Kb2 Kc4 102. Kc2 b3+ 103. Kb2 Kb4 104. Kb1 Kc4 105. Kb2 Kb4 106. Kb1 Kc3 107. Kc1 Kb4 108. Kb2 Ka4 109. Kb1 Ka3 110. Ka1 Kb4 111. Kb2 Kc4 112. Kb1 Kd3 113. Kb2 Kc4 114. Kb1 Kc3 115. Kc1 1/2-1/2

[Event "*** Titled Tuesday Blitz"]
[Site "Chess.com"]
[Date "2018.12.04"]
[Round "3"]
[White "Hydrargyrum_Girl"]
[Black "jocmil"]
[Result "1/2-1/2"]
[WhiteElo "2528"]
[BlackElo "2490"]
[TimeControl "180+2"]
[EndTime "13:31:05 PST"]
[Termination "Game drawn by agreement"]

1. Nf3 d5 2. g3 Nf6 3. Bg2 c6 4. O-O Bg4 5. Ne5 Bf5 6. c4 e6 7. d4 Nbd7 8. Nxd7 Qxd7 9. Nc3 Be7 10. Qb3 O-O 11. Bg5 Rad8 12. e3 Bd3 13. Nxd5 Bxf1 14. Nxe7+ Qxe7 15. Rxf1 Rd7 1/2-1/2

[Event "*** Titled Tuesday Blitz"]
[Site "Chess.com"]
[Date "2018.12.04"]
[Round "3"]
[White "colegiodemadrid"]
[Black "HanSchut"]
[Result "0-1"]
[WhiteElo "2276"]
[BlackElo "2322"]
[TimeControl "180+2"]
[EndTime "13:31:12 PST"]
[Termination "HanSchut won by resignation"]

1. e4 c5 2. Nf3 d6 3. d4 cxd4 4. Nxd4 Nf6 5. Nc3 a6 6. Bg5 e6 7.
f4 Be7 8. Qf3 h6 9. Bh4 g5 10.
fxg5 Nfd7 11. Qh5 Ne5 12. Nf3 Ng6 13. g3 hxg5 14. Qg4 e5 0-1

[Event "*** Titled Tuesday Blitz"]
[Site "Chess.com"]
[Date "2018.12.04"]
[Round "3"]
[White "Raffael89"]
[Black "aa175"]
[Result "1-0"]
[WhiteElo "2133"]
[BlackElo "1921"]
[TimeControl "180+2"]
[EndTime "13:31:33 PST"]
[Termination "Raffael89 won by resignation"]

1. d4 e5 2. e4 exd4 3. c3 d5 4. exd5 Qxd5 5. cxd4 Nc6 6. Nf3 Bg4 7. Be2 O-O-O 8. Be3 Bb4+ 9. Nc3 Qd7 10. O-O Bxf3 11. Bxf3 Nxd4 12. Bxd4 Qxd4 13. Qb3 Bxc3 14. Qxb7+ Kd7 15. Qc6+ Kc8 16. bxc3 Qb6 17. Qa8+ Qb8 18.
Bg4+ 1-0

[Event "*** Titled Tuesday Blitz"]
[Site "Chess.com"]
[Date "2018.12.04"]
[Round "3"]
[White "nurmiTV"]
[Black "JordanaEmiel"]
[Result "1-0"]
[WhiteElo "2520"]
[BlackElo "2036"]
[TimeControl "180+2"]
[EndTime "13:31:58 PST"]
[Termination "nurmiTV won by resignation"]

1. c4 e6 2. Nc3 d5 3. e3 Nf6 4. Nf3 Be7 5. b3 O-O 6. Bb2 b6 7. Be2 Bb7 8. O-O c5 9. cxd5 exd5 10. d4 Nbd7 11. Rc1 Rc8 12. dxc5 bxc5 13. Na4 Ne4 14. Nd2 Ndf6 15. Bf3 Qa5 16. Bxe4 Nxe4 17. Nxe4 dxe4 18.
Qd7 Rc7 19. Qg4 g6 20. Qf4 f5 21. Bc3 Qa6 22. Qxc7 1-0

[Event "*** Titled Tuesday Blitz"]
[Site "Chess.com"]
[Date "2018.12.04"]
[Round "3"]
[White "LonesomeGeorge1"]
[Black "c63_amg"]
[Result "0-1"]
[WhiteElo "2413"]
[BlackElo "2617"]
[TimeControl "180+2"]
[EndTime "13:32:15 PST"]
[Termination "c63_amg won by resignation"]

1. d4 Nf6 2. Nf3 e6 3. e3 c5 4. Bd3 Nc6 5. O-O d5 6. b3 Bd6 7. Bb2 O-O 8. Nbd2 b6 9. Ne5 Bb7 10. a3 Rc8 11. Qe2 Ne7 12. c4 Ne4 13. cxd5 Nxd2 14.
Qxd2 cxd4 15. Bxd4 Bxe5 16. Bxe5 Qxd5 0-1

[Event "*** Titled Tuesday Blitz"]
[Site "Chess.com"]
[Date "2018.12.04"]
[Round "3"]
[White "vugarrasulov"]
[Black "ST-Sandavagur"]
[Result "1-0"]
[WhiteElo "2786"]
[BlackElo "2476"]
[TimeControl "180+2"]
[EndTime "13:32:40 PST"]
[Termination "vugarrasulov won by resignation"]

1. e4 e5 2. Nf3 Nc6 3. Bb5 a6 4. Ba4 Nf6 5. O-O Be7 6. Re1 b5 7.
Bb3 O-O 8. a4 b4 9. d3 d6 10.
Nbd2 Na5 11. Ba2 Be6 12. Bxe6 fxe6 13. d4 exd4 14. Nxd4 Qd7 15. N4f3 e5 16. Nf1 Rab8 17. Ng3 g6 18. Bh6 Rfd8 19. Bg5 b3 20. c3 Nc4 21.
Qe2 Qe6 22. Bc1 Rf8 23. Ng5 1-0

[Event "*** Titled Tuesday Blitz"]
[Site "Chess.com"]
[Date "2018.12.04"]
[Round "3"]
[White "sandager"]
[Black "Andrew-FB00"]
[Result "0-1"]
[WhiteElo "1965"]
[BlackElo "1800"]
[TimeControl "180+2"]
[EndTime "13:32:41 PST"]
[Termination "Andrew-FB00 won by resignation"]

1. e4 e5 2. Nf3 Nc6 3. Bb5 a6 4. Ba4 Nf6 5. O-O b5 6. Bb3 Bc5 7. c3 d6 8. d4 Bb6 9. a4 Bb7 10.
Re1 O-O 11. Na3 bxa4 12. Bxa4 Qe7 13. Nc4 exd4 14. Nxb6 cxb6 15. cxd4 b5 16. Bc2 Nb4 17. Bg5 Nxc2 18. Qxc2 h6 19. Bxf6 Qxf6 20. Qc7 Rab8 21.
Qxd6 Qxd6 0-1

[Event "*** Titled Tuesday Blitz"]
[Site "Chess.com"]
[Date "2018.12.04"]
[Round "3"]
[White "Phelathegreat"]
[Black "Kawhi_Leonard2"]
[Result "0-1"]
[WhiteElo "2326"]
[BlackElo "2290"]
[TimeControl "180+2"]
[EndTime "13:32:48 PST"]
[Termination "Kawhi_Leonard2 won on time"]

1. d4 Nf6 2. c4 c5 3. d5 e6 4. Nc3 exd5 5. cxd5 d6 6. Nf3 g6 7. h3 Bg7 8. a4 a6 9. Bf4 O-O 10. e3 Ne8 0-1

[Event "*** Titled Tuesday Blitz"]
[Site "Chess.com"]
[Date "2018.12.04"]
[Round "3"]
[White "lolo9292"]
[Black "Perecke"]
[Result "1-0"]
[WhiteElo "2114"]
[BlackElo "1956"]
[TimeControl "180+2"]
[EndTime "13:32:57 PST"]
[Termination "lolo9292 won by checkmate"]

1. e4 e5 2. Nf3 Nc6 3. Bb5 a6 4.
Ba4 Nf6 5. d3 d6 6. O-O Be7 7. c4 Bg4 8. Be3 O-O 9. Nc3 Nd4 10.
Bxd4 exd4 11. Nd5 Nxd5 12. exd5 Bh4 13. h3 Bh5 14. g4 Bg6 15. Nxh4 Qxh4 16. Kg2 Rac8 17.
f4 c6 18. dxc6 bxc6 19. Qf3 Rfe8 20. f5 Bxf5 21. Qxf5 Re2+ 22. Rf2 Rce8 23. Bxc6 R2e3 24.
Qxf7+ Kh8 25. Qf8+ Rxf8 26. Rxf8# 1-0

[Event "*** Titled Tuesday Blitz"]
[Site "Chess.com"]
[Date "2018.12.04"]
[Round "3"]
[White "pedromartinez91"]
[Black "nOcHeaTiNgKiD"]
[Result "1-0"]
[WhiteElo "2395"]
[BlackElo "2418"]
[TimeControl "180+2"]
[EndTime "13:33:16 PST"]
[Termination "pedromartinez91 won by resignation"]

1. Nf3 d5 2. g3 c6 3. Bg2 Bg4 4.
O-O Nd7 5. c4 e6 6. cxd5 exd5 7.
d3 Ngf6 8. Nc3 Bc5 9. Qc2 O-O 10.
e4 Re8 11. h3 Bh5 12. Nh4 dxe4 13. dxe4 Bg6 14. Kh2 Bd4 15. Nxg6 hxg6 16. f4 Qa5 17. e5 Nd5 18. Nxd5 cxd5 19. Qd3 Qb6 20. Rd1 Bc5 21. b4 Qxb4 22. Rb1 Qa4 23. Qxd5 Rad8 24. Qb3 Qxb3 25. Rxb3 b6 26. Rbd3 Nxe5 27.
Rxd8 Nf3+ 1-0